 Dungeon Crawl Stone Soup version 0.31-a0-675-g238779eb0a (webtiles) character file.

Game seed: 6420405173413895144

38 Essalna the Conjurer (level 3, 26/26 HPs)
             Began as a Demonspawn Conjurer on Sept 5, 2023.
             Got out of the dungeon alive.
             The game lasted 00:02:18 (891 turns).

Essalna the Conjurer (Demonspawn Conjurer)           Turns: 891, Time: 00:02:19

Health: 26/26      AC:  2    Str:  7    XL:     3   Next: 25%
Magic:  6/6        EV: 12    Int: 21    God:
Gold:   61         SH:  0    Dex: 11    Spells: 6/7 levels left

rFire   . . .        c - +0 dagger (speed)
rCold   . . .        (no shield)
rNeg    . . .        a - +0 robe
rPois   .            (no helmet)
rElec   .            (no cloak)
rCorr   .            (no gloves)
SInv    .            (no boots)
Will    .....        (no amulet)
Stlth   ++           (no ring)
HPRegen 0.24/turn    (no ring)
MPRegen 0.10/turn

%: no passive effects
@: no status effects
A: hooves 1, spiny 1
a: no special abilities


You escaped.
You visited 1 branch of the dungeon, and saw 2 of its levels.

You collected 61 gold pieces.

Inventory:

Hand Weapons
 c - a +0 dagger of speed (weapon)
Armour
 a - a +0 robe (worn)
Jewellery
 d - a ring of ice
Scrolls
 e - a scroll of immolation {unknown}
 f - a scroll of teleportation
Potions
 b - a potion of magic


   Skills:
 + Level 1.5 Fighting
 - Level 1.7 Dodging
 - Level 1.7 Stealth
 + Level 2.5 Spellcasting
 + Level 4.3 Conjurations


You had 6 spell levels left.
You knew the following spells:

 Your Spells              Type           Power      Damage    Failure   Level
a - Magic Dart            Conj           84%        1d7       2%          1

Your spell library contained the following spells:

 Spells                   Type           Power      Damage    Failure   Level
 Searing Ray              Conj           42%        2d6       3%          2
 Apportation              Tloc           4%         N/A       14%         1
 Dazzling Flash           Conj/Hex       22%        N/A       17%         3
 Fulminant Prism          Conj/Hex       5%         3d7       50%         4
 Iskenderun's Mystic Bla  Conj/Tloc      11%        2d4       50%         4
 Alistair's Intoxication  Tmut/Pois      1%         N/A       98%         5


Dungeon Overview and Level Annotations

Branches:
Dungeon (2/15)

Altars:


Innate Abilities, Weirdness & Mutations

You have large cloven feet.
You are partially covered in sharp spines.


Message History

Robin is struck by your spines. Robin misses you.
You hit Robin but do no damage.
Robin is heavily wounded.
You hit Robin.
Robin is heavily wounded.
Robin is struck by your spines. Robin hits you with a +0 spear.
You hit Robin.
Robin is severely wounded.
Robin says, "Bow before me, strongest of all the hobgoblins!"
Robin closely misses you.
You hit Robin but do no damage.
Robin is severely wounded.
Robin closely misses you.
You closely miss Robin.
Robin is severely wounded.
You hit Robin but do no damage.
Robin is severely wounded.
Robin is struck by your spines. Robin hits you with a +0 spear.
You hit Robin.
You kill Robin!
You have reached level 3!
Your experience leads to an increase in your attributes!
Increase (S)trength, (I)ntelligence, or (D)exterity?
You feel clever. x2; Your demonic ancestry asserts itself...
Your feet thicken and deform.
Things that are here:
a +0 spear; a +0 animal skin; a +0 helmet
Things that are here:
a +0 club; a +0 club; a goblin corpse
There is a stone staircase leading up here.
You climb upwards.
There is a stone staircase leading down here.
There is a stone staircase leading down here.
HP restored.
Magic restored.
There is an open door here.
You open the door.
There is an open door here.
There is a staircase leading out of the dungeon here.
You have escaped!

##..######.### #.
##..###...# ###. ##.##..###
#... #>...## #.[.
#.###########...
#...............
##################...
##.......## #...
######....@....###### ##.##
##...................###..#
#...⌠....##'##....⌠...##.##
#........#...#........##.#
#........'8.8+........##.#
###########'###########..#
#.............##
###############


There were no monsters in sight!

Vanquished Creatures
  Robin (D:2)
  A dart slug (D:1)
  2 ball pythons (D:1)
  A bat (D:1)
  7 goblins
  2 hobgoblins (D:1)
  6 kobolds (D:1)
  A quokka (D:1)
  2 frilled lizards (D:1)
23 creatures vanquished.

Notes
Turn   | Place    | Note
-------+----------+-------------------------------------------
     0 | D:1      | Essalna the Demonspawn Conjurer began the quest for the
                  | Orb.
     0 | D:1      | Reached XP level 1. HP: 13/13 MP: 3/3
   194 | D:1      | Found a faded altar of an unknown god.
   241 | D:1      | Gained mutation: You are partially covered in sharp spines.
                  | [demonic ancestry]
   241 | D:1      | Reached XP level 2. HP: 12/20 MP: 1/5
   391 | D:1      | Reached skill level 1 in Fighting
   801 | D:2      | Noticed Robin
   824 | D:2      | Killed Robin
   825 | D:2      | Gained mutation: You have large cloven feet. [demonic
                  | ancestry]
   825 | D:2      | Reached XP level 3. HP: 14/26 MP: 0/6
   891 | D:$      | Got out of the dungeon alive.

Illustrated notes

Levels and vault maps discovered:
D:1:      giann_wishing_wells, layout_basic, basic_ecumenical_altar
D:2:      layout_basic, serial_shops, nicolae_shop_hallway_plus, shop, shop,
          kennysheep_generic_room_11, uniq_robin, uniq_jessica, uniq_sigmund

Skill      XL: |  1  2 |
---------------+-------+-----
Fighting       | 1 |  1.5
Dodging        | |  1.7
Stealth        | |  1.7
Spellcasting   | |  2.5
Conjurations   | |  4.3

Action                     || total
---------------------------++-------
  Melee: Dagger            ||    38
   Cast: Magic Dart        ||    33
    Use: Scroll            ||     2
 Armour: Robe              ||    19
  Dodge: Dodged            ||    15

Table legend: (Time is in decaauts)
 A = Elapsed time spent in this place.
 B = Non-inter-level travel time spent in this place.
 C = Inter-level travel time spent in this place.
 D = Time resting spent in this place.
 E = Time spent auto-exploring this place.
 F = Levels seen in this place.
 G = Mean time per level.
                   A        B        C        D        E       F      G
               +--------+--------+--------+--------+--------+-----+--------+
         Total |    878 |    791 |     87 |      0 |    656 |   2 |  439.0 |
       Dungeon |    878 |    791 |     87 |      0 |    656 |   2 |  439.0 |
               +--------+--------+--------+--------+--------+-----+--------+

Top non-repeatable levels by time:
     D:1: 840 daAuts
     D:2: 37 daAuts
